 Dungeon Crawl Stone Soup version 0.28-a0-537-g3bccd9ccbf (webtiles) character file.

Game seed: 16161139929864721179

76 Demosthentine the Poker (level 4, -5/35 HPs)
             Began as a Merfolk Gladiator on Sept 27, 2021.
             Slain by a goblin (15 damage)
             ... led by Robin
             ... on level 2 of the Dungeon.
             The game lasted 00:01:23 (904 turns).

Demosthentine the Poker (Merfolk Gladiator)          Turns: 904, Time: 00:01:24

Health: -5/35      AC:  5    Str: 15    XL:     4   Next: 32%
Magic:  4/4        EV: 13    Int:  7    God:
Gold:   38         SH:  0    Dex: 15    Spells: 3/3 levels left

rFire   . . .      SeeInvis .   a - +0 trident
rCold   . . .      Faith    .   (no shield)
rNeg    . . .      Spirit   .   b - +0 leather armour
rPois   .          Reflect  .   c - +0 helmet
rElec   .          Harm     .   (no cloak)
rCorr   .          Rampage  .   (no gloves)
Will    .....                   e - +0 pair of boots
Stlth   +.........              (no amulet)
HPRegen 0.11/turn               (no ring)
MPRegen 0.09/turn               (no ring)

@: no status effects
A: (nimble swimmer 2), mertail
a: no special abilities


You were on level 2 of the Dungeon.
You visited 1 branch of the dungeon, and saw 2 of its levels.

You collected 38 gold pieces.

Inventory:

Hand Weapons
 a - a +0 trident (weapon)
Missiles
 d - 3 throwing nets (quivered)
Armour
 b - a +0 leather armour (worn)
 c - a +0 helmet (worn)
 e - a +0 pair of boots (worn)
Potions
 h - a potion of haste
 i - a potion of mutation {unknown}


   Skills:
 + Level 3.1 Fighting
 + Level 5.2 Polearms
 - Level 2.0 Throwing
 + Level 1.2 Armour
 + Level 4.7 Dodging


You had 3 spell levels left.
You didn't know any spells.
Your spell library was empty.

Dungeon Overview and Level Annotations

Branches:
Dungeon (2/15)

Altars:


Innate Abilities, Weirdness & Mutations

((You are quick and stealthy near water. (Stealth+, EV+, Speed+++)))
Your lower body shifts to a powerful aquatic tail in water.


Message History

You barely miss the goblin.
The goblin no longer looks unusually strong.
The hobgoblin barely misses you. The goblin hits you but does no damage.
You hit the goblin but do no damage. The hobgoblin barely misses you.
The goblin misses you.
Unknown command.
You hit the goblin.
The goblin is heavily wounded.
The hobgoblin closely misses you. The goblin hits you but does no damage.
Unknown command.
You hit the goblin.
You kill the goblin!
The hobgoblin misses you.
Unknown command.
You see here a +0 dagger.
Unknown command.
You closely miss the hobgoblin.
The goblin no longer looks unusually strong.
The hobgoblin hits you.
You barely miss the hobgoblin. The hobgoblin barely misses you.
You completely miss the hobgoblin. The hobgoblin closely misses you.
You hit the hobgoblin but do no damage. The hobgoblin hits you.
The hobgoblin hits you but does no damage.
You hit the hobgoblin.
You kill the hobgoblin!
The goblin no longer looks unusually strong.
You completely miss the goblin. The goblin barely misses you.
You barely miss the goblin. The goblin hits you with a +0 club.
* * * LOW HITPOINT WARNING * * *
You barely miss the goblin. The goblin closely misses you.
You barely miss the goblin. The goblin hits you but does no damage.
You closely miss the goblin. The goblin closely misses you.
You hit the goblin.
You kill the goblin!
You puncture the goblin!
You kill the goblin!
You hit the goblin.
The goblin is severely wounded.
The goblin hits you but does no damage.
You are electrocuted!
You die...

#.......# #.
#.......## #.
#######..# #. ##.##
#. #..# ## ##)#
##+### # #w#
#....#### # #g#
#.......# #
#@###.......#
#(.##.......# ###
##.##.......# #..
#..#.......# #.#
##.#.......# #.#
#######÷#+#....# #.#
.÷...÷8.#.#....# #.#
..........#########.#
.÷÷...8#..# #...#


You could see a worm and a goblin.

Vanquished Creatures
  Robin (D:2)
  2 adders (D:2)
  A dart slug (D:1)
  2 ball pythons
  3 bats
  4 endoplasms
  11 goblins
  5 hobgoblins
  4 jackals (D:2)
  A frilled lizard (D:1)
  A kobold (D:2)
  8 rats
43 creatures vanquished.

Notes
Turn   | Place    | Note
-------+----------+-------------------------------------------
     0 | D:1      | Demosthentine the Merfolk Gladiator began the quest for the
                  | Orb.
     0 | D:1      | Reached XP level 1. HP: 16/16 MP: 1/1
    55 | D:1      | Reached XP level 2. HP: 22/23 MP: 2/2
   681 | D:2      | Reached XP level 3. HP: 28/28 MP: 3/3
   704 | D:2      | Reached skill level 5 in Polearms
   704 | D:2      | Reached skill level 1 in Armour
   734 | D:2      | Reached XP level 4. HP: 22/35 MP: 4/4
   853 | D:2      | Noticed Robin
   885 | D:2      | Killed Robin
   904 | D:2      | Slain by a goblin

Illustrated notes

Levels and vault maps discovered:
D:1:      kennysheep_arrival_forest, layout_rooms, minmay_curled_crystal,
          amcnicky_mini_corridor_feature
D:2:      layout_basic, basic_altar, serial_shops, shop,
          shapermc_ecumenical_altar_pompeii, uniq_robin, uniq_crazy_yiuf_cottage

Skill      XL: |  1  2  3 |
---------------+----------+-----
Polearms       | 5 |  5.2
Armour         | 1 |  1.2
Fighting       | 3 |  3.1
Throwing       | |  2.0
Dodging        | |  4.7

Action                   |  1- 3 |  4- 6 || total
-------------------------+-------+-------++-------
Melee: Trident           |    86 |    38 ||   124
  Use: Scroll            |     3 |       ||     3
 Stab: Sleeping          |     2 |       ||     2
Armor: Leather armour    |    14 |    12 ||    26
Dodge: Dodged            |    28 |    33 ||    61

Table legend: (Time is in decaauts)
 A = Elapsed time spent in this place.
 B = Non-inter-level travel time spent in this place.
 C = Inter-level travel time spent in this place.
 D = Time resting spent in this place.
 E = Time spent auto-exploring this place.
 F = Levels seen in this place.
 G = Mean time per level.
                   A        B        C        D        E       F      G
               +--------+--------+--------+--------+--------+-----+--------+
         Total |    910 |    883 |     27 |      0 |    641 |   2 |  455.0 |
       Dungeon |    910 |    883 |     27 |      0 |    641 |   2 |  455.0 |
               +--------+--------+--------+--------+--------+-----+--------+

Top non-repeatable levels by time:
     D:1: 601 daAuts
     D:2: 308 daAuts
